 Dungeon Crawl Stone Soup version 0.19.1-1-g22dce08 (console) character file.

37 Grinner the Charlatan (level 3, -4/20 HPs)
             Began as a Kobold Artificer on Jan 18, 2017.
             Slain by a worm (11 damage)
             ... on level 2 of the Dungeon.
             The game lasted 00:03:06 (1960 turns).

Grinner the Charlatan (Kobold Artificer)            Turns: 1960, Time: 00:03:06

Health: -4/20      AC:  3    Str:  9    XL:     3   Next: 60%
Magic:  5/5        EV: 15    Int: 17    God:
Gold:   128        SH:  0    Dex: 16    Spells: 0 memorised, 2 levels left

rFire  . . .     SeeInvis .     a - +0 short sword
rCold  . . .     Gourm    .     b - +0 leather armour
rNeg   . . .     Faith    .     (shield restricted)
rPois  .         Spirit   .     (no helmet)
rElec  .         Reflect  .     (no cloak)
rCorr  .         Harm     .     (no gloves)
MR     .....                    (no boots)
Stlth  +.........               l - amulet of magic regeneration
                                s - ring of loudness (curse)
                                g - +5 ring of intelligence

@: no status effects
A: carnivore 3
a: no special abilities


You were on level 2 of the Dungeon.
You were not hungry.

You visited 1 branch of the dungeon, and saw 2 of its levels.

You collected 128 gold pieces.

Inventory:

Hand Weapons
 a - a +0 short sword (weapon)
 q - a +2 vampiric dagger
Armour
 b - a +0 leather armour (worn)
Jewellery
 g - a +5 ring of intelligence (left hand)
 l - an amulet of magic regeneration (around neck)
 s - a cursed ring of loudness (right hand)
Wands
 c - a wand of flame (15/48)
 d - a wand of enslavement (15/24)
 e - a wand of random effects (8/48)
Scrolls
 k - 2 scrolls of remove curse {unknown}
 m - a scroll of immolation {unknown}
 t - 3 scrolls of enchant weapon {unknown}
Potions
 h - a potion of lignification {unknown}
 i - a potion of degeneration {unknown}
 n - a potion of invisibility {unknown}
 o - a potion of beneficial mutation {unknown}
 p - 2 potions of flight {unknown}
Comestibles
 f - 2 meat rations
 j - a slice of pizza
 r - a beef jerky


   Skills:
 - Level 1.1 Fighting
 + Level 2.2 Short Blades
 + Level 2.9 Dodging
 * Level 3.2 Stealth
 + Level 3.9 Evocations


You had 2 spell levels left.
You didn't know any spells.

Dungeon Overview and Level Annotations

Branches:
Dungeon (2/15)

Altars:
Sif Muna


Innate Abilities, Weirdness & Mutations

You are small and have problems with some larger weapons.
You are carnivorous and can eat meat at any time.


Message History

The worm is severely wounded.
The worm bites you but does no damage. The dart slug closely misses you.
You hit the worm but do no damage.
The worm is heavily wounded.
You hit the worm.
The worm is severely wounded.
The dart slug bites you but does no damage.
The worm barely misses you.
You completely miss the worm.
The worm is severely wounded.
The dart slug launches a dart at you. The slug dart misses you.
You hit the worm.
The worm is severely wounded.
The worm barely misses you.
You hit the worm.
The worm is severely wounded.
The dart slug closely misses you. The worm bites you!
Ouch! That really hurt!
You die...

#############.#####
#.................#
#.###########.###.#
##.....#.. #.# #.#
########......#.# #.#
#.# #......'......#[#
#.# #.#
#.######......#.#####.#
#.# ##.w...#.......#
#w# ##@.....#########.#
#....w......'.†...ww..#
#.####......###########
#[.....# # #......# #
#......# # >......## #
######## # #


You could see a worm and a dart slug.

Vanquished Creatures
  2 leopard geckos
  3 goblins (D:1)
  4 hobgoblins (D:1)
  8 kobolds
  A ball python (D:2)
  8 bats
  3 frilled lizards
  6 rats
35 creatures vanquished.

Notes
Turn   | Place    | Note
-------+----------+-------------------------------------------
     0 | D:1      | Grinner the Kobold Artificer began the quest for the Orb.
     0 | D:1      | Reached XP level 1. HP: 12/12 MP: 3/3
   333 | D:1      | Reached XP level 2. HP: 9/16 MP: 4/4
   835 | D:1      | Reached XP level 3. HP: 20/20 MP: 5/5
  1545 | D:2      | Found a deep blue altar of Sif Muna.
  1960 | D:2      | Slain by a worm

Skill      XL: |  1  2  3 |
---------------+----------+-----
Stealth        | 2 3 |  3.2
Short Blades   | 2 |  2.2
Fighting       | |  1.1
Dodging        | |  2.9
Evocations     | |  3.9

Action                   || total
-------------------------++-------
Melee: Short sword       ||   114
Evoke: Wand              ||     7
 Stab: Distracted        ||     2
       Sleeping          ||     6
  Eat: Chunk             ||     6
Armor: Leather armour    ||    33
Dodge: Dodged            ||    92
